 Dungeon Crawl Stone Soup version 0.29.0-4-gdea44cf6ec (webtiles) character file.

Game seed: 17381841587118153360

1096 qw the Blocker (level 8, -9/66 HPs)
             Began as a Minotaur Berserker on Sept 9, 2022.
             Was a Priest of Trog.
             Mangled by an orc warrior
             ... wielding the +10 mace of Triumph {vorpal, +Blink rPois rN+++ Dex-5}
              (13 damage)
             ... on level 6 of the Dungeon.
             The game lasted 00:01:42 (3956 turns).

qw the Blocker (Minotaur Berserker)                 Turns: 3956, Time: 00:01:43

Health: -9/66      AC: 13    Str: 24    XL:     8   Next: 10%
Magic:  0/7        EV:  7    Int:  4    God:    Trog [***...]
Gold:   202        SH: 10    Dex: 10    Spells: 7/7 levels left

rFire   + . .      SeeInvis .   Y - +2 hand axe (vorpal)
rCold   . . .      Faith    .   g - +0 kite shield
rNeg    . . .      Spirit   +   a - +0 chain mail
rPois   .          Reflect  .   (helmet restricted)
rElec   .          Harm     .   (no cloak)
rCorr   .          Rampage  .   c - +0 pair of gloves
Will    .....                   (no boots)
Stlth   ..........              l - amulet of guardian spirit
HPRegen 0.21/turn               o - ring of protection from fire
MPRegen 0.10/turn               s - +4 ring of protection

@: about to teleport, on berserk cooldown
A: horns 2, retaliatory headbutt
a: Renounce Religion, Berserk, Trog's Hand


You were on level 6 of the Dungeon.
You worshipped Trog.
Trog was most pleased with you.
You visited 1 branch of the dungeon, and saw 6 of its levels.

You collected 268 gold pieces.
You spent 66 gold pieces at shops.


Innate Abilities, Weirdness & Mutations

You have a pair of horns on your head.
You reflexively headbutt those who attack you in melee.


   Skills:
 - Level 4.0 Fighting
 + Level 8.3 Axes
 - Level 2.4 Armour
 - Level 2.1 Dodging
 - Level 8.3 Shields


You had 7 spell levels left.
You didn't know any spells.
Your spell library was empty.

Inventory:

Hand Weapons
 e - a +0 whip of freezing
 Y - a +2 vorpal hand axe (weapon)
Armour
 a - a +0 chain mail (worn)
 c - a +0 pair of gloves (worn)
 g - a +0 kite shield (worn)
Jewellery
 l - an amulet of guardian spirit (around neck)
 o - a ring of protection from fire (left hand)
 s - a +4 ring of protection (right hand)
Scrolls
 m - a scroll of identify
Potions
 b - a potion of might
 i - a potion of attraction {unknown}
 j - a potion of brilliance {unknown}
 k - a potion of mutation {unknown}
 n - 2 potions of haste
 p - a potion of magic {unknown}
 q - a potion of flight {unknown}
 r - a potion of invisibility {unknown}

Dungeon Overview and Level Annotations

Branches:
Dungeon (7/15)
 Temple: D:4-7

Altars:
Gozag

Shops:
D:1 ?   D:4 *

Annotations:
D:7 3 runed translucent doors, qw's ghost, novice MiBe


Message History

The orc completely misses you.
An orc warrior comes into view. It is wielding a +0 trident.
The orc barely misses you. You furiously retaliate!
You headbutt the orc.
You kill the orc!
Trog accepts your kill.
3941 ||| Stepping ~*~*~tactically~*~*~ (stealth).
An orc wizard comes into view. It is wielding a +0 dagger of freezing.
Things that are here:
a +0 mace; a +0 leather armour
3942 ||| Stepping ~*~*~tactically~*~*~ (stealth).
You completely miss the orc. Your headbutt misses the orc.
You block the orc's attack.
You slash the orc!
You kill the orc!
Trog accepts your kill.
An orc comes into view. It is wielding a +0 hand axe.
You hit the orc. Your headbutt misses the orc.
The orc is heavily wounded.
The orc hits you but does no damage.
You hit the orc.
You kill the orc!
Trog accepts your kill.
You feel yourself speed up.
An orc warrior comes into view.
It is wielding the +10 mace of Triumph {vorpal, +Blink rPois rN+++ Dex-5}.
The orc warrior shouts!
You hear a shout!
You hear a distant slurping noise.
An orc comes into view. It is wielding a +0 dire flail.
You hit the orc warrior.
The orc warrior is lightly wounded.
The orc warrior hits you with the +10 mace of Triumph {vorpal, +Blink rPois rN+++ Dex-5}!!
3955 ||| READING scroll of teleportation.
As you read the scroll of teleportation, it crumbles to dust.
You feel strangely unstable. You block the orc warrior's attack.
You hit the orc warrior.
The orc warrior is moderately wounded.
You hit the orc.
You kill the orc!
Trog accepts your kill.
The orc warrior hits you with the +10 mace of Triumph {vorpal, +Blink rPois rN+++ Dex-5}!
You die...

.. ......# .o
......# ..
#.....#
.##.....#
.......# .
......# ...
#....#
.....##o)..##
#.....)@)...#
#######).[..#
#.....#
#######


You could see an orc warrior.

Vanquished Creatures
  Pikel (D:3)
  A centaur (D:6)
  3 lemures (D:3)
  A bullfrog (D:7)
  A scorpion (D:7)
  2 orc priests
  A hound (D:4)
  2 iguanas (D:4)
  5 orc wizards
  3 gnolls (D:6)
  3 adders
  23 orcs
  5 endoplasms
  2 giant cockroaches
  11 goblins
  11 hobgoblins
  10 jackals
  7 quokkas
  4 ball pythons
  5 bats
  4 frilled lizards (D:1)
  4 kobolds
  6 rats
115 creatures vanquished.

Notes
Turn   | Place    | Note
-------+----------+-------------------------------------------
     0 | D:1      | qw the Minotaur Berserker began the quest for the Orb.
     0 | D:1      | Reached XP level 1. HP: 19/19 MP: 0/0
     0 | D:1      | 0 ||| qw: Version: 0.1-a-113-g051387a
     0 | D:1      | 0 ||| qw: Game counter: 6906
     0 | D:1      | 0 ||| qw: Always use a shield: true
     0 | D:1      | 0 ||| qw: Do Orc after D:15 true
     0 | D:1      | 0 ||| qw: Do second Lair branch before Depths: true
     0 | D:1      | 0 ||| qw: Lair rune preference: random
     0 | D:1      | 0 ||| qw: Plans: Normal
     0 | D:1      | 0 ||| PLANNING D:1-11
   149 | D:1      | Found Jokeb's Magic Scroll Shop.
   157 | D:1      | 157 ||| SHOPLISTING scroll of acquirement (520 gold, have
                  | 0).
   157 | D:1      | 157 ||| SHOPLISTING scroll of identify (20 gold, have 0).
   157 | D:1      | 157 ||| SHOPLISTING scroll of teleportation (30 gold, have
                  | 0).
   231 | D:1      | Reached XP level 2. HP: 26/26 MP: 1/1
   280 | D:1      | 280 ||| Stepping ~*~*~tactically~*~*~ (stealth).
   284 | D:1      | 284 ||| Stepping ~*~*~tactically~*~*~ (stealth).
   286 | D:1      | 286 ||| Stepping ~*~*~tactically~*~*~ (stealth).
   295 | D:1      | 295 ||| Stepping ~*~*~tactically~*~*~ (stealth).
   416 | D:1      | 416 ||| Stepping ~*~*~tactically~*~*~ (stealth).
   557 | D:1      | Found a faded altar of an unknown god.
  1083 | D:1      | 1083 ||| UPGRADING to +0 kite shield.
  1088 | D:1      | 1088 ||| READING 2 scrolls labelled ICSAWU OTEM.
  1089 | D:1      | 1089 ||| READING scroll labelled JADIBY JOFUPO.
  1090 | D:1      | 1090 ||| READING scroll labelled NANGOR ONAF.
  1091 | D:1      | 1091 ||| READING scroll labelled QAH ECSIRGHEKEQ.
  1092 | D:1      | 1092 ||| READING scroll labelled TYPAMURGHISEO.
  1093 | D:1      | 1093 ||| READING scroll labelled BAIMIW CEYB.
  1094 | D:1      | 1094 ||| READING scroll labelled FYIXYOCHAA.
  1241 | D:1      | 1241 ||| DROPPING scroll of immolation.
  1283 | D:2      | 1283 ||| Stepping ~*~*~tactically~*~*~ (hiding).
  1385 | D:2      | 1385 ||| FLEEEEING.
  1386 | D:2      | 1386 ||| STAIRDANCE
  1508 | D:2      | 1508 ||| INVOKING Berserk.
  1514 | D:2      | Reached XP level 3. HP: 31/31 MP: 2/2
  1572 | D:2      | 1572 ||| INVOKING Berserk.
  1576 | D:2      | Reached skill level 3 in Shields
  1576 | D:2      | Reached XP level 4. HP: 39/39 MP: 3/3
  1866 | D:2      | 1866 ||| DROPPING +0 club.
  1867 | D:2      | 1867 ||| Stepping ~*~*~tactically~*~*~ (stealth).
  1875 | D:2      | 1875 ||| Stepping ~*~*~tactically~*~*~ (stealth).
  1880 | D:2      | Reached ** piety under Trog
  1929 | D:2      | 1929 ||| Stepping ~*~*~tactically~*~*~ (stealth).
  1943 | D:2      | 1943 ||| Stepping ~*~*~tactically~*~*~ (stealth).
  1950 | D:2      | 1950 ||| Stepping ~*~*~tactically~*~*~ (stealth).
  2178 | D:2      | 2178 ||| FLEEEEING.
  2179 | D:2      | 2179 ||| FLEEEEING.
  2180 | D:2      | 2180 ||| FLEEEEING.
  2181 | D:2      | 2181 ||| FLEEEEING.
  2182 | D:2      | 2182 ||| FLEEEEING.
  2375 | D:2      | 2375 ||| UPGRADING to +0 chain mail.
  2385 | D:2      | 2385 ||| DROPPING +0 animal skin.
  2386 | D:2      | 2386 ||| UPGRADING to +0 pair of gloves.
  2391 | D:2      | 2391 ||| UPGRADING to amulet of guardian spirit.
  2396 | D:2      | 2396 ||| READING scroll labelled XAQAQUCAXT.
  2397 | D:2      | 2397 ||| READING scroll labelled TYKLEV HOANIXIW.
  2398 | D:2      | 2398 ||| DRINKING 2 fizzy pink potions.
  2399 | D:2      | 2399 ||| DROPPING potion of degeneration.
  2437 | D:3      | 2437 ||| INVOKING Berserk.
  2440 | D:3      | Reached XP level 5. HP: 45/45 MP: 4/4
  2658 | D:3      | 2658 ||| Stepping ~*~*~tactically~*~*~ (stealth).
  2744 | D:3      | Reached skill level 6 in Axes
  3076 | D:3      | 3076 ||| INVOKING Berserk.
  3149 | D:3      | 3149 ||| READING scroll labelled YSAOGR ANATT.
  3156 | D:4      | Noticed Pikel
  3156 | D:4      | Noticed a lemure
  3156 | D:4      | Noticed a lemure
  3156 | D:4      | Noticed a lemure
  3156 | D:4      | Noticed a lemure
  3156 | D:4      | Found Sutoepnuf's General Store.
  3157 | D:4      | 3157 ||| PLANNING SEWER
  3158 | D:4      | 3158 ||| STAIRDANCE
  3171 | D:3      | Killed a lemure
  3228 | D:4      | 3228 ||| STAIRDANCE
  3230 | D:3      | 3230 ||| INVOKING Berserk.
  3235 | D:3      | Killed a lemure
  3237 | D:3      | Killed a lemure
  3240 | D:3      | Killed Pikel
  3241 | D:3      | Reached XP level 6. HP: 40/51 MP: 2/5
  3241 | D:3      | Reached XP level 7. HP: 45/57 MP: 2/6
  3370 | D:3      | 3370 ||| DROPPING +0 mace.
  3382 | D:4      | 3382 ||| Stepping ~*~*~tactically~*~*~ (stealth).
  3406 | D:4      | 3406 ||| SHOPLISTING +2 chain mail of cold resistance (236
                  | gold, have 200).
  3406 | D:4      | 3406 ||| BUYING potion of curing (33 gold).
  3406 | D:4      | Bought a potion of curing for 33 gold pieces
  3406 | D:4      | 3406 ||| BUYING scroll of teleportation (33 gold).
  3406 | D:4      | Bought a scroll of teleportation for 33 gold pieces
  3461 | D:4      | 3461 ||| READING scroll of enchant weapon.
  3461 | D:4      | 3461 ||| ENCHANTING +1 vorpal hand axe.
  3462 | D:4      | 3462 ||| Stepping ~*~*~tactically~*~*~ (stealth).
  3494 | D:4      | Reached *** piety under Trog
  3526 | D:4      | 3526 ||| Stepping ~*~*~tactically~*~*~ (stealth).
  3543 | D:4      | 3543 ||| FLEEEEING.
  3544 | D:4      | 3544 ||| FLEEEEING.
  3545 | D:4      | 3545 ||| FLEEEEING.
  3546 | D:4      | 3546 ||| FLEEEEING.
  3547 | D:4      | 3547 ||| FLEEEEING.
  3550 | D:4      | 3550 ||| FLEEEEING.
  3553 | D:4      | 3553 ||| FLEEEEING.
  3554 | D:4      | 3554 ||| FLEEEEING.
  3555 | D:4      | 3555 ||| FLEEEEING.
  3559 | D:4      | 3559 ||| FLEEEEING.
  3561 | D:4      | 3561 ||| FLEEEEING.
  3562 | D:4      | 3562 ||| FLEEEEING.
  3563 | D:4      | 3563 ||| FLEEEEING.
  3564 | D:4      | 3564 ||| FLEEEEING.
  3565 | D:4      | 3565 ||| FLEEEEING.
  3566 | D:4      | 3566 ||| STAIRDANCE
  3602 | D:3      | 3602 ||| UPGRADING to ring of protection from fire.
  3606 | D:4      | 3606 ||| STAIRDANCE
  3688 | D:4      | You fall into a shaft and drop 3 floors!
  3694 | D:7      | 3694 ||| Stepping ~*~*~tactically~*~*~ (stealth).
  3708 | D:7      | 3708 ||| Stepping ~*~*~tactically~*~*~ (stealth).
  3766 | D:7      | Found a runed translucent gate.
  3766 | D:7      | Found a runed translucent gate.
  3766 | D:7      | Found a runed translucent gate.
  3768 | D:7      | Found an opulent altar of Gozag.
  3769 | D:7      | Noticed qw's ghost (novice MiBe)
  3770 | D:7      | Noticed a deep elf pyromancer
  3771 | D:7      | Noticed a gargoyle
  3779 | D:7      | 3779 ||| DRINKING 2 potions of curing.
  3779 | D:7      | 3779 ||| (to cure confusion)
  3786 | D:7      | 3786 ||| DRINKING potion of curing.
  3786 | D:7      | 3786 ||| (to cure confusion)
  3819 | D:7      | 3819 ||| Stepping ~*~*~tactically~*~*~ (stealth).
  3826 | D:7      | 3826 ||| Stepping ~*~*~tactically~*~*~ (stealth).
  3834 | D:7      | 3834 ||| Stepping ~*~*~tactically~*~*~ (stealth).
  3896 | D:7      | 3896 ||| UPGRADING to +4 ring of protection.
  3897 | D:7      | 3897 ||| READING scroll labelled ZIGENE WEUTT.
  3898 | D:7      | 3898 ||| READING 2 scrolls of identify.
  3898 | D:7      | 3898 ||| IDENTIFYING cyan potion
  3916 | D:6      | HP: 13/59 [centaur/arrow (8)]
  3917 | D:6      | 3917 ||| READING 2 scrolls of teleportation.
  3918 | D:6      | 3918 ||| INVOKING Berserk.
  3921 | D:6      | Reached XP level 8. HP: 23/66 MP: 2/7
  3921 | D:6      | HP: 22/99 [orc/+0 short sword (2)]
  3941 | D:6      | 3941 ||| Stepping ~*~*~tactically~*~*~ (stealth).
  3942 | D:6      | 3942 ||| Stepping ~*~*~tactically~*~*~ (stealth).
  3950 | D:6      | Identified the +10 mace of Triumph {vorpal, +Blink rPois
                  | rN+++ Dex-5}
  3954 | D:6      | HP: 7/66 [orc warrior/the +10 mace of Triumph {vorpal,
                  | +Blink rPois rN+++ Dex-5} (15)]
  3954 | D:6      | HP: 3/66 [orc warrior/the +10 mace of Triumph {vorpal,
                  | +Blink rPois rN+++ Dex-5} (4)]
  3955 | D:6      | 3955 ||| READING scroll of teleportation.
  3956 | D:6      | Mangled by an orc warrior

Levels and vault maps discovered:
D:1:      dpeg_arrival_oval, layout_basic, serial_shops, shop,
          dilly_ecumenical_altar_fadedgnrine
D:2:      layout_basic, minmay_goblin_outpost
D:3:      layout_loops_ring
D:4:      layout_rooms, serial_shops, shop, gup_sewer_entry_bubbles, uniq_pikel,
          uniq_blork_the_orc
D:6:      layout_gridville
D:7:      layout_cave_pools, temple_fountains, ebering_ghost_gozag

Skill      XL: |  1  2  3  4  5  6  7 |
---------------+----------------------+-----
Axes           | 4 5 6 8 |  8.3
Shields        | 2 3 4 8 |  8.3
Fighting       | 4 |  4.0
Armour         | |  2.4
Dodging        | |  2.1

Action                   |  1- 3 |  4- 6 |  7- 9 || total
-------------------------+-------+-------+-------++-------
Melee: Hand axe          |    60 |   118 |    97 ||   275
       Headbutt          |     6 |    12 |    14 ||    32
Throw: Boomerang         |       |     6 |     9 ||    15
Invok: Berserk           |     2 |     3 |     1 ||     6
  Use: Scroll            |     7 |     3 |     5 ||    15
       Potion            |       |     1 |     2 ||     3
Armor: Animal skin       |     8 |     8 |       ||    16
       Chain mail        |       |    32 |    35 ||    67
Dodge: Dodged            |    35 |    30 |    21 ||    86
Block: Kite shield       |     2 |    39 |    41 ||    82

Table legend:
 A = Non-vault XP
 B = Vault XP
 C = Vault XP percentage of total XP
 D = Non-vault monster count
 E = Vault monster count
 F = Vault count percentage of total count
                 A         B        C        D         E       F
            +---------+---------+-------+---------+---------+-------
      Total |     895 |     674 |  43.0 |     105 |       7 |   6.2
            +---------+---------+-------+---------+---------+-------
        D:1 |      35 |       0 |   0.0 |      23 |       0 |   0.0
        D:2 |     122 |      11 |   8.3 |      19 |       6 |  24.0
        D:3 |     157 |     663 |  80.9 |      28 |       1 |   3.4
        D:4 |     136 |       0 |   0.0 |      15 |       0 |   0.0
        D:6 |     233 |       0 |   0.0 |      13 |       0 |   0.0
        D:7 |     212 |       0 |   0.0 |       7 |       0 |   0.0
            +---------+---------+-------+---------+---------+-------
